AoeStats
← Matutinus

Arabia

508654688Analyzed
1v1 RM · 8d ago on Sep 23, 2026· 58m 2s· 2 players
Game mode
Random Map
Map size
Tiny (2 player)
Population
200
Speed
Normal
Resources
Standard
Victory
Conquest
Starting age
Dark Age
Ending age
Imperial Age
RankedLock teamsTeams togetherTeam positionsShared explorationLock speedFull tech treeHidden civsTurbo modeCheats
Victory
Defeat
🇨🇦 Armenians · Canada
1401
+14
🇩🇪 Varangians · Germany
1361
-14
JJ
6:46 Loom
9:33 Feudal Age
9:43 Man-at-Arms
13:34 Double-Bit Axe
14:07 Fletching
16:03 Horse Collar
19:39 Wheelbarrow
22:17 Castle Age
21:01 Bloodlines
21:00 Scale Barding Armor
23:00 Forging
23:26 Husbandry
25:43 Light Cavalry
32:12 Hand Cart
36:33 Imperial Age
33:29 Elite Skirmisher
34:50 Bodkin Arrow
41:09 Padded Archer Armor
42:28 Leather Archer Armor
43:26 Scale Mail Armor
44:40 Chemistry
45:35 Chain Barding Armor
46:14 Squires
47:24 Ring Archer Armor
51:01 Iron Casting
51:02 Plate Barding Armor
52:47 Hussar
54:54 Blast Furnace
54:41 Bracer
Matutinus
6:29 Loom
8:54 Feudal Age
9:26 Double-Bit Axe
18:58 Horse Collar
19:57 Wheelbarrow
22:39 Castle Age
20:59 Fletching
21:57 Stone Mining
21:59 Gold Mining
22:41 Crossbowman
23:19 Bodkin Arrow
24:13 Bow Saw
32:57 Imperial Age
31:30 Pikeman
32:14 Squires
32:49 Ballistics
34:44 Chemistry
33:55 Bracer
36:08 Conscription
36:57 Town Watch
36:57 Man-at-Arms
38:49 Long Swordsman
39:38 Gambesons
40:58 Fereters
42:11 Scale Mail Armor
42:45 Two-Handed Swordsman
43:42 Forging
44:29 Hand Cart
44:41 Hand Cart
45:12 Sanctity
46:35 Champion
48:18 Chain Mail Armor
48:39 Iron Casting
48:10 Heavy Plow
49:37 Gold Shaft Mining
49:45 Plate Mail Armor
49:51 Iron Casting
48:53 Elite Composite Bowman
49:58 Town Patrol
50:42 Arson
51:37 Iron Casting
51:03 Padded Archer Armor
55:44 Blast Furnace
55:00 Leather Archer Armor
55:16 Cilician Fleet
Connection lost

Rejoining the realm…

Still unreachable

The connection could not be restored.

Session expired

The server has moved on; the page needs a fresh start.